 Dungeon Crawl Stone Soup version 0.19.3 (webtiles) character file.

943 theAP the Destroyer (level 7, -19/36 HPs)
             Began as a Deep Elf Conjurer on Jan 23, 2017.
             Engulfed by a cloud of freezing vapour (26 damage)
             ... on level 5 of the Dungeon.
             The game lasted 00:15:06 (4282 turns).

theAP the Destroyer (Deep Elf Conjurer)             Turns: 4282, Time: 00:15:07

Health: -19/36     AC:  6    Str:  5    XL:     7   Next: 88%
Magic:  4/19       EV: 13    Int: 22    God:
Gold:   289        SH:  0    Dex: 15    Spells: 3 memorised, 9 levels left

rFire  . . .     SeeInvis .     m - +0 rapier
rCold  . . .     Gourm    .     a - +0 robe (curse)
rNeg   . . .     Faith    +     (no shield)
rPois  .         Spirit   .     (no helmet)
rElec  .         Reflect  .     q - +0 cloak
rCorr  .         Harm     .     (no gloves)
MR     +....     Rnd*Tele +     h - +2 pair of boots
Stlth  ++........               j - amulet of faith
                                y - ring of teleportation (curse)
                                p - ring of protection from magic

@: no status effects
A: no striking features
a: no special abilities


You were on level 5 of the Dungeon.
You were not hungry.

You visited 1 branch of the dungeon, and saw 5 of its levels.

You collected 289 gold pieces.

Inventory:

Hand Weapons
 m - a +0 rapier (weapon)
Armour
 a - a cursed +0 robe (worn)
 h - a +2 pair of boots (worn)
 q - a +0 cloak (worn)
Jewellery
 f - an uncursed amulet of inaccuracy
 j - an amulet of faith (around neck)
 p - a ring of protection from magic (left hand)
 y - a cursed ring of teleportation (right hand)
Wands
 r - a wand of teleportation (2/9)
 s - a wand of disintegration (12/24)
 w - a wand of acid (9/15)
Scrolls
 k - a scroll of enchant weapon {unknown}
 n - a scroll of immolation {unknown}
 o - 4 scrolls of identify
 t - a scroll of fear {unknown}
 v - 2 scrolls of teleportation
 x - a scroll of blinking {unknown}
Potions
 d - a potion of magic
 e - a potion of ambrosia {unknown}
 g - a potion of degeneration {unknown}
 i - a potion of curing {unknown}
 z - a potion of might {unknown}
 A - a potion of flight {unknown}
Books
 b - a book of Conjurations

   Spells                             Type                      Level
   a - Magic Dart                     Conjuration                  1
   b - Searing Ray                    Conjuration                  2
   c - Dazzling Spray                 Conjuration/Hexes            3
   d - Fulminant Prism                Conjuration/Hexes            4
   e - Iskenderun's Mystic Blast      Conjuration                  4
   f - Iskenderun's Battlesphere      Conjuration/Charms           5
Comestibles
 c - 4 bread rations
 l - 2 royal jellies
 u - a slice of pizza


   Skills:
 + Level 3.3 Short Blades
 - Level 2.5 Dodging
 - Level 2.4 Stealth
 + Level 6.8 Spellcasting
 * Level 8.7 Conjurations


You had 9 spell levels left.
You knew the following spells:

 Your Spells              Type           Power        Failure   Level  Hunger
a - Magic Dart            Conj           ####         1%          1    None
b - Iskenderun's Mystic   Conj           #####...     2%          4    ###....
c - Iskenderun's Battles  Conj/Chrm      ####....     38%         5    #####..


Dungeon Overview and Level Annotations

Branches:
Dungeon (5/15)
 Temple: D:4-7

Altars:
Dithmenos
Gozag
Hepliaklqana
Okawaru
Ru

Shops:
D:4 =


Message History

You don't have enough magic to cast that spell.
Unknown command.
Evoke which item? (* to show all) (? for menu, Esc to quit)
That item cannot be evoked!
Evoke which item? (* to show all) (? for menu, Esc to quit)
Zapping:
r - a wand of teleportation {zapped: 2} (will waste charges)
Press: ? - help, Shift-Dir - straight line, f - you, p - phantom You feel strangely unstable.
Evoking this partially-identified wand wasted a few charges.
The iguana hisses angrily.
The phantom hits you but does no damage.
The phantom closely misses you.
Your surroundings suddenly seem different.
Found four items.
You are engulfed in freezing vapours.
* * * LOW HITPOINT WARNING * * *
Found a mace.
You are engulfed in freezing vapours.
Ouch! That really hurt!
You die...

.#§#§## ....####
###§#§### ........
.#§#§#.#####.#.$$.)
##§#§#.. ..(..#....
##§#§## #..†.....
##§#§## #..
#.###§#§######...#
#...#@#§#.....$###
#..##.#§#§#.######
# #.#§#§#.#
...#!#§#.#
###.#(#§8.#
#.#?#.+.# #.#)#.8##
#.#####.


There were no monsters in sight!

Vanquished Creatures
  Grinder (D:4)
  Sigmund (D:2)
  Menkaure (D:4)
  Purgy (D:4)
  Blork the orc (D:4)
  An orc priest (D:4)
  A hound (D:4)
  A bullfrog skeleton (D:4)
  A worker ant (D:4)
  A hound skeleton (D:4)
  7 adders
  3 oozes
  An adder skeleton (D:4)
  2 worms
  4 dart slugs
  A leopard gecko (D:2)
  3 orcs (D:4)
  7 bats
  A giant cockroach (D:4)
  6 goblins
  10 hobgoblins
  5 jackals (D:1)
  3 quokkas
  A ball python (D:1)
  5 frilled lizards
  8 kobolds
  8 rats
85 creatures vanquished.

Notes
Turn   | Place    | Note
-------+----------+-------------------------------------------
     0 | D:1      | theAP the Deep Elf Conjurer began the quest for the Orb.
     0 | D:1      | Reached XP level 1. HP: 10/10 MP: 6/6
   338 | D:1      | Reached XP level 2. HP: 4/15 MP: 0/8
   681 | D:1      | Reached skill level 5 in Conjurations
   947 | D:1      | Reached XP level 3. HP: 19/19 MP: 5/9
  1389 | D:2      | Found a shadowy altar of Dithmenos.
  1433 | D:2      | Noticed Sigmund
  1458 | D:2      | Killed Sigmund
  1458 | D:2      | Reached skill level 5 in Spellcasting
  1458 | D:2      | Reached skill level 6 in Conjurations
  1458 | D:2      | Reached XP level 4. HP: 16/24 MP: 0/13
  1458 | D:2      | Reached XP level 5. HP: 18/28 MP: 0/14
  1794 | D:2      | Learned a level 4 spell: Iskenderun's Mystic Blast
  1925 | D:3      | Found an iron altar of Okawaru.
  2088 | D:3      | Reached skill level 7 in Conjurations
  2088 | D:3      | Reached XP level 6. HP: 32/32 MP: 8/16
  2481 | D:3      | Found a sacrificial altar of Ru.
  2713 | D:4      | Learned a level 5 spell: Iskenderun's Battlesphere
  2742 | D:4      | Found a hazy altar of Hepliaklqana.
  2766 | D:4      | Noticed Menkaure
  3004 | D:4      | Killed Menkaure
  3004 | D:4      | Reached skill level 1 in Short Blades
  3169 | D:4      | Noticed Blork the orc
  3174 | D:4      | Killed Blork the orc
  3203 | D:4      | Reached XP level 7. HP: 36/36 MP: 0/18
  3407 | D:4      | Noticed Purgy
  3413 | D:4      | Killed Purgy
  3413 | D:4      | Reached skill level 8 in Conjurations
  3596 | D:4      | Found an opulent altar of Gozag.
  3698 | D:4      | Found Qestrebb's Jewellery Boutique.
  3702 | D:4      | Noticed Grinder
  3719 | D:4      | Killed Grinder
  4221 | D:5      | Entered Level 5 of the Dungeon
  4282 | D:5      | Engulfed by a cloud of freezing vapour

Skill      XL: |  1  2  3  4  5  6  7 |
---------------+----------------------+-----
Conjurations   | 5 6 7 8 |  8.7
Spellcasting   | 5 6 |  6.8
Short Blades   | 2 3 |  3.3
Dodging        | |  2.5
Stealth        | |  2.4

Action                   |  1- 3 |  4- 6 |  7- 9 || total
-------------------------+-------+-------+-------++-------
Melee: Unarmed           |    15 |       |       ||    15
       Rapier            |       |    19 |     7 ||    26
 Cast: Magic Dart        |    71 |    80 |    33 ||   184
       Iskenderun's Myst |       |     6 |    17 ||    23
Evoke: Wand              |       |       |     2 ||     2
  Use: Scroll            |     6 |     2 |       ||     8
 Stab: Sleeping          |     1 |       |       ||     1
  Eat: Chunk             |     1 |     5 |     3 ||     9
       Fruit             |       |     1 |     1 ||     2
       Beef jerky        |       |     1 |       ||     1
       Pizza             |       |       |     1 ||     1
Armor: Robe              |     2 |     7 |     5 ||    14
Dodge: Dodged            |    15 |     5 |    11 ||    31
